 Dungeon Crawl Stone Soup version 0.31-a0-627-gd65175cf8b (webtiles) character file.

Game seed: 4337992726943147266

192 Essalna the Ruffian (level 5, -7/43 HPs)
             Began as a Demonspawn Shapeshifter on Aug 25, 2023.
             Killed from afar by an orc wizard (8 damage)
             ... with a magic dart
             ... on level 4 of the Dungeon.
             The game lasted 00:05:41 (2280 turns).

Essalna the Ruffian (Demonspawn Shapeshifter)       Turns: 2280, Time: 00:05:42

Health: -7/43      AC:  4    Str: 16    XL:     5   Next: 42%
Magic:  5/5        EV: 12    Int:  9    God:
Gold:   153        SH:  0    Dex: 15    Spells: 4/4 levels left

rFire   . .          .
                       - Unarmed
rCold   . . .        (no shield)
rNeg    . . .        a - +0 animal skin
rPois   .            (helmet currently unavailable)
rElec   .            (cloak currently unavailable)
rCorr   .            (gloves currently unavailable)
SInv    .            (boots currently unavailable)
Will    .....        (no amulet)
Stlth   +            (no ring)
HPRegen 0.27/turn    (no ring)
MPRegen 0.09/turn

%: no passive effects
@: beast-form
A: beast (slay +2), rugged brown scales 2, demonic touch 2
a: Begin Untransformation


You were on level 4 of the Dungeon.
You were a hulking beast.
You visited 1 branch of the dungeon, and saw 5 of its levels.

You collected 153 gold pieces.

Inventory:

Armour
 a - a +0 animal skin (worn)
 h - a +2 hat
 l - a +0 cloak
Jewellery
 j - an amulet of faith
Talismans
 c - a beast talisman (active)
 d - a flux talisman
Wands
 s - a wand of paralysis (10)
 u - a wand of light (3)
Scrolls
 e - a scroll of fear {unknown}
 f - 11 scrolls of identify {unknown}
 k - 2 scrolls of teleportation {unknown}
 m - 2 scrolls of enchant armour {unknown}
 p - a scroll of enchant weapon {unknown}
 q - a scroll of acquirement {unknown}
 r - a scroll of blinking {unknown}
 w - a scroll of torment {unknown}
Potions
 b - 2 potions of lignification
 g - 2 potions of haste {unknown}
 i - a potion of heal wounds {unknown}
 n - a potion of brilliance {unknown}
 o - 3 potions of curing {unknown}
 t - a potion of invisibility {unknown}
 v - a potion of attraction {unknown}


   Skills:
 + Level 3.2 Fighting
 - Level 1.7 Dodging
 + Level 3.9 Unarmed Combat
 + Level 3.7 Shapeshifting


You had 4 spell levels left.
You didn't know any spells.
Your spell library was empty.

Dungeon Overview and Level Annotations

Branches:
Dungeon (5/15)
 Temple: D:4-7

Altars:
Makhleb
Vehumet

Shops:
D:2 ::


Innate Abilities, Weirdness & Mutations

You are a hulking beast.
Your limbs bulge with bestial killing power. (Slay +2)
You are mostly covered in rugged brown scales. (AC +2, +5% HP)
Your touch may inflict irresistible damage on your foes.


Message History

You feel less confused.
You hear some strange, mumbled words.
A magic dart appears from out of thin air!
The magic dart hits you. The orc wizard barely misses you. Something hits you.
The orc wizard barely misses you.
You hit the orc wizard. Your touch misses the orc wizard.
The orc wizard is severely wounded.
Something hits you but does no damage. The orc wizard barely misses you.
Something hits you.
The orc wizard hits you with a +0 dagger.
You barely miss the orc wizard.
The orc wizard is severely wounded.
Something hits you but does no damage. The orc wizard barely misses you.
Something hits you. The orc wizard casts a spell at you.
The magic dart hits you!
You closely miss the orc wizard. Your touch misses the orc wizard.
The orc wizard is severely wounded.
Something hits you. The orc wizard casts a spell at you.
The puff of flame hits you!
* * * LOW HITPOINT WARNING * * *
You hear some strange, mumbled words.
Something tries to affect you, but you resist.
The orc wizard points at you and mumbles some strange words.
The magic dart hits you!
* * * LOW HITPOINT WARNING * * *
You hit the orc wizard.
The orc wizard is almost dead.
Something hits you.
* * * LOW HITPOINT WARNING * * *
The orc wizard hits you with a +1 dagger of flaming.
* * * LOW HITPOINT WARNING * * *
The orc wizard burns you.
* * * LOW HITPOINT WARNING * * *
Something hits you.
* * * LOW HITPOINT WARNING * * *
The orc wizard gestures at you while chanting.
The magic dart hits you!
You die...

## #.######
#...o..########
#..ho..........
#.{{###..#.####
#...#.#....#
#.#'#.###..#########
#.#..:..#...........
#.###.###..####.....
....#.#.............
....###..#.###.####.
..................#.


You could see 2 orc wizards.

Vanquished Creatures
  An orc priest (D:4)
  Jessica (D:2)
  Terence (D:3)
  Ijyb (D:3)
  3 adders
  A dart slug (D:1)
  3 orcs
  3 bats
  3 endoplasms
  A giant cockroach (D:3)
  4 goblins
  9 hobgoblins
  7 jackals
  2 quokkas
  8 ball pythons
  3 frilled lizards
  3 kobolds
  2 rats
56 creatures vanquished.

Notes
Turn   | Place    | Note
-------+----------+-------------------------------------------
     0 | D:1      | Essalna the Demonspawn Shapeshifter began the quest for the
                  | Orb.
     0 | D:1      | Reached XP level 1. HP: 15/15 MP: 1/1
   104 | D:1      | Gained mutation: You are partially covered in rugged brown
                  | scales. (AC +1, +3% HP) [demonic ancestry]
   104 | D:1      | Reached XP level 2. HP: 15/21 MP: 2/2
   524 | D:2      | HP: 1/22 [quokka (4)]
   624 | D:2      | Found a burning altar of Makhleb.
   653 | D:2      | Gained mutation: You are mostly covered in rugged brown
                  | scales. (AC +2, +5% HP) [demonic ancestry]
   653 | D:2      | Reached XP level 3. HP: 22/28 MP: 3/3
   817 | D:2      | Noticed Jessica
   824 | D:2      | Killed Jessica
   960 | D:2      | Found Witint's Book Shop.
  1058 | D:2      | Gained mutation: Your touch may inflict minor irresistible
                  | damage on your foes. [demonic ancestry]
  1058 | D:2      | Reached XP level 4. HP: 16/35 MP: 4/4
  1292 | D:2      | Found Ducisk's Book Boutique.
  1538 | D:3      | Noticed Ijyb
  1554 | D:3      | Paralysed by Ijyb for 2 turns
  1565 | D:3      | Killed Ijyb
  1842 | D:3      | Noticed Terence
  1850 | D:3      | Killed Terence
  1851 | D:3      | Gained mutation: Your touch may inflict irresistible damage
                  | on your foes. [demonic ancestry]
  1851 | D:3      | Reached XP level 5. HP: 41/43 MP: 5/5
  1928 | D:3      | Found a radiant altar of Vehumet.
  2221 | D:5      | Entered Level 5 of the Dungeon
  2280 | D:4      | HP: 2/43 [orc wizard/+1 dagger of flaming (1)]
  2280 | D:4      | Killed from afar by an orc wizard

Illustrated notes

Levels and vault maps discovered:
D:1:      lemuel_arrival_behind_the_door_small, layout_rooms
D:2:      layout_rooms, basic_altar, serial_shops, shop, nicolae_square_shop,
          chequers_serial_rivers_large_b, uniq_jessica
D:3:      layout_basic, vehumet_crystals, uniq_terence, uniq_ijyb
D:4:      layout_basic, chequers_temple_overflow_statue_of_worship,
          minmay_a_box_with_orc_wizards_in_it, uniq_natasha, uniq_sigmund
D:5:      layout_basic

Skill      XL: |  1  2  3  4 |
---------------+-------------+-----
Unarmed Combat | 3 |  3.9
Shapeshifting  | 3 |  3.7
Fighting       | 2 3 |  3.2
Dodging        | |  1.7

Action                     |  1- 3 |  4- 6 || total
---------------------------+-------+-------++-------
  Melee: Unarmed           |   109 |    61 ||   170
         Punch             |     2 |     1 ||     3
         Touch             |       |    15 ||    15
 Armour: Animal skin       |    39 |    17 ||    56
  Dodge: Dodged            |    84 |    44 ||   128

Table legend: (Time is in decaauts)
 A = Elapsed time spent in this place.
 B = Non-inter-level travel time spent in this place.
 C = Inter-level travel time spent in this place.
 D = Time resting spent in this place.
 E = Time spent auto-exploring this place.
 F = Levels seen in this place.
 G = Mean time per level.
                   A        B        C        D        E       F      G
               +--------+--------+--------+--------+--------+-----+--------+
         Total |   2298 |   2236 |     62 |      0 |   1800 |   5 |  459.6 |
       Dungeon |   2298 |   2236 |     62 |      0 |   1800 |   5 |  459.6 |
               +--------+--------+--------+--------+--------+-----+--------+

Top non-repeatable levels by time:
     D:2: 941 daAuts
     D:3: 751 daAuts
     D:1: 493 daAuts
     D:4: 105 daAuts
     D:5: 7 daAuts
